 Dungeon Crawl Stone Soup version 0.28-a0-843-gb979743d38 (webtiles) character file.

Game seed: 6380891555354101967

153 EnegeticOcto the Sneak (level 5, -7/40 HPs)
             Began as a Djinni Delver on Nov 12, 2021.
             Mangled by an orc priest (10 damage)
             ... on level 3 of the Dungeon.
             The game lasted 00:04:34 (4301 turns).

EnegeticOcto the Sneak (Djinni Delver)              Turns: 4301, Time: 00:04:34

Health: -7/40      AC:  3    Str: 11    XL:     5   Next: 61%
Gold:   88         EV: 12    Int: 13    God:
                   SH:  0    Dex: 14

rFire   + + .      SeeInvis .   a - +1 falchion
rCold   x . .      Faith    .   (no shield)
rNeg    . . .      Spirit   .   b - +0 leather armour
rPois   ∞          Reflect  .   (no helmet)
rElec   .          Harm     .   (no cloak)
rCorr   +          Rampage  .   (no gloves)
Will    .....                   (boots unavailable)
Stlth   ++........              (no amulet)
HPRegen 0.13/turn               h - ring of resist corrosion
MPRegen 0.00/turn               (no ring)

@: flying
A: sickness immunity, fire resistance 2, cold vulnerability 1, float, innate
caster, hp casting, extra vitality 1
a: no special abilities


You were on level 3 of the Dungeon.
You visited 1 branch of the dungeon, and saw 5 of its levels.

You collected 88 gold pieces.

Inventory:

Hand Weapons
 a - a +1 falchion (weapon)
 e - a +1 dagger of draining
   (You took it off a goblin on level 1 of the Dungeon)
Missiles
 l - 43 poisoned darts (quivered)
Armour
 b - a +0 leather armour (worn)
 t - a +0 scale mail of cold resistance
   (You found it on level 2 of the Dungeon)
Jewellery
 h - a ring of resist corrosion (left hand)
   (You found it on level 3 of the Dungeon)
Wands
 g - a wand of digging (3) {@v3}
 q - a wand of paralysis (5)
   (You found it on level 2 of the Dungeon)
Scrolls
 c - 2 scrolls of fog {!r}
 d - a scroll of magic mapping {@r5 !r}
 m - a scroll of summoning {unknown}
 n - a scroll of teleportation {unknown}
 r - a scroll of identify {unknown}
 s - a scroll of noise {unknown}
Potions
 f - a potion of haste {@q4 !q}
 i - 2 potions of flight {unknown}
 k - a potion of mutation {unknown}
 o - a potion of brilliance {unknown}
 p - a potion of degeneration {unknown}


   Skills:
 - Level 3.3 Fighting
 - Level 2.1 Long Blades
 - Level 2.6 Dodging
 - Level 4.3 Stealth
 + Level 2.8 Spellcasting


You had 6 spell levels left.
You knew the following spells:

 Your Spells              Type           Power      Damage    Failure   Level
a - Pain                  Necr           36%        1d5       10%         1
Y - Blink                 Tloc           18%        N/A       14%         2
Your spell library was empty.

Dungeon Overview and Level Annotations

Branches:
Dungeon (5/15)
 Temple: D:4-7

Altars:
Fedhas

Annotations:
D:3 Grinder


Innate Abilities, Weirdness & Mutations

You are immune to sickness and miasma.
You are immune to poison.
Your flesh is very heat resistant. (rF++)
You are vulnerable to cold. (rC-)
You float through the air rather than walking.
You learn spells naturally, not from books.
Your magical power is your life essence.
You have superior vitality. (+4 HP)


Message History

You kill the goblin!
No target in view!
No target in view!
No target in view!
No target in view!
An orc priest comes into view. It is wielding a +1 war axe of pain.
Casting: Pain (safe; 10% risk of failure)
Confirm with . or Enter, or press ? or * to list all spells.
Aiming: Pain (safe; 10% risk of failure)
Press: ? - help, Shift-Dir - straight line, f - orc priest
Aim: an orc priest, wielding a +1 war axe of pain and wearing a +0 scale mail (wandering, hasn't noticed you, chance to affect: 60%)
The orc priest shouts!
The orc priest writhes in agony.
Casting: Pain (safe; 10% risk of failure)
Confirm with . or Enter, or press ? or * to list all spells.
Aiming: Pain (safe; 10% risk of failure)
Press: ? - help, Shift-Dir - straight line, f/p - orc priest
Aim: an orc priest, wielding a +1 war axe of pain and wearing a +0 scale mail (moderately wounded, chance to affect: 60%)
You miscast Pain.
You are very lightly contaminated with residual magic.
Nothing appears to happen.
Casting: Pain (safe; 10% risk of failure)
Confirm with . or Enter, or press ? or * to list all spells.
Aiming: Pain (safe; 10% risk of failure)
Press: ? - help, Shift-Dir - straight line, f/p - orc priest
Aim: an orc priest, wielding a +1 war axe of pain and wearing a +0 scale mail (moderately wounded, chance to affect: 60%)
The orc priest writhes in agony.
You closely miss the orc priest.
The orc priest is heavily wounded.
The orc priest barely misses you. The orc priest misses you.
You barely miss the orc priest.
The orc priest is heavily wounded.
The orc priest hits you with a +1 war axe of pain.
You hit the orc priest.
The orc priest is heavily wounded.
The orc priest miscasts a cantrip.
You hit the orc priest but do no damage.
The orc priest is heavily wounded.
The orc priest hits you with a +1 war axe of pain!
You writhe in agony.
Your magical contamination has completely faded away.
Casting: Pain (safe; 10% risk of failure)
Confirm with . or Enter, or press ? or * to list all spells.
Aiming: Pain (safe; 10% risk of failure)
Press: ? - help, Shift-Dir - straight line, f/p - orc priest
Aim: an orc priest, wielding a +1 war axe of pain and wearing a +0 scale mail (heavily wounded, chance to affect: 60%)
The orc priest resists with significant effort.
* * * LOW HITPOINT WARNING * * *
The orc priest calls down the wrath of Beogh upon you.
Beogh smites you!
* * * LOW HITPOINT WARNING * * *
Really quaff
j - a potion of heal wounds {@q2 !q}?
You feel much better. The orc priest closely misses you.
You hit the orc priest but do no damage.
The orc priest is heavily wounded.
The orc priest hits you with a +1 war axe of pain!
You writhe in agony.
* * * LOW HITPOINT WARNING * * *
You hit the orc priest.
The orc priest is severely wounded.
The orc priest barely misses you. x2
You completely miss the orc priest.
The orc priest is severely wounded.
The orc priest hits you with a +1 war axe of pain.
* * * LOW HITPOINT WARNING * * *
You writhe in agony.
* * * LOW HITPOINT WARNING * * *
You barely miss the orc priest.
The orc priest is severely wounded.
The orc priest hits you with a +1 war axe of pain.
* * * LOW HITPOINT WARNING * * *
Okay, then.
Unknown command.
You closely miss the orc priest.
The orc priest is severely wounded.
The orc priest barely misses you.
You closely miss the orc priest.
The orc priest is severely wounded.
The orc priest looks encouraged for a moment.
You hit the orc priest.
The orc priest is severely wounded.
The orc priest looks braver for a moment.
The orc priest barely misses you.
You barely miss the orc priest.
The orc priest is severely wounded.
The orc priest misses you.
You hit the orc priest.
The orc priest is almost dead.
The orc priest closely misses you.
You hit the orc priest but do no damage.
The orc priest is almost dead.
The orc priest closely misses you.
You hit the orc priest but do no damage.
The orc priest is almost dead.
The orc priest closely misses you.
You hit the orc priest but do no damage.
The orc priest is almost dead.
The orc priest misses you.
The orc priest hits you with a +1 war axe of pain!
You die...

#.......#
#######.#
#######.###
..........#
.######.#.#
#.#.####
#.#....# .#
#.####.# .#
#.# #.# #@#
o# #.# #.#
#o# #.# # #.#
#.#
#.#####..#.#
#.#
#....o.....#
#.#
###...#.####
#.#
#..#......##.
###.#
#.###........
#...#
#..#..o.#.#..
...##
##..........#


You could see an orc priest.

Vanquished Creatures
  A centaur skeleton (D:4)
  4 gnolls
  An adder (D:3)
  A worm (D:2)
  3 dart slugs (D:1)
  5 orcs
  4 ball pythons
  5 bats
  6 endoplasms
  2 giant cockroaches
  9 goblins
  6 hobgoblins
  3 quokkas
  3 frilled lizards (D:1)
  2 kobolds
  8 rats
63 creatures vanquished.

Notes
Turn   | Place    | Note
-------+----------+-------------------------------------------
     0 | D:5      | EnegeticOcto the Djinni Delver began the quest for the Orb.
     0 | D:5      | Reached XP level 1. HP: 20/20 MP: 0/0
   418 | D:4      | Reached skill level 2 in Long Blades
   418 | D:4      | Reached XP level 2. HP: 24/25 MP: 0/0
   418 | D:4      | Reached XP level 3. HP: 29/30 MP: 0/0
   418 | D:4      | Learned a level 1 spell: Pain
   439 | D:4      | Found a blossoming altar of Fedhas.
   497 | D:3      | Noticed Grinder
   872 | D:1      | Found a faded altar of an unknown god.
  1084 | D:1      | Reached skill level 1 in Spellcasting
  1090 | D:1      | Reached XP level 4. HP: 19/35 MP: 0/0
  2466 | D:1      | Reached skill level 2 in Spellcasting
  2650 | D:1      | Reached XP level 5. HP: 31/40 MP: 0/0
  2650 | D:1      | Learned a level 2 spell: Blink
  4293 | D:3      | HP: 1/40 [orc priest (5)]
  4301 | D:3      | Mangled by an orc priest

Illustrated notes

Levels and vault maps discovered:
D:1:      sevenhm_arrival_forest_fort_large_4, layout_loops_ring,
          chequers_ecumenical_altar_simple
D:2:      layout_basic, kennysheep_decorative_pillar, minmay_splitting_lines
D:3:      layout_loops_ring, uniq_grinder
D:4:      layout_rooms, fedhas_altar_1, nicolae_ashenzari_skybound,
          gammafunk_temple_overflow_statue
D:5:      layout_loops_corners, hangedman_abyss_or_decor_lesser_grid,
          minmay_misc_feat_more_columns, uniq_sigmund

Skill      XL: |  1  2  3  4 |
---------------+-------------+-----
Long Blades    | 2 |  2.1
Spellcasting   | 1 2 |  2.8
Fighting       | |  3.3
Dodging        | |  2.6
Stealth        | |  4.3

Action                   |  1- 3 |  4- 6 || total
-------------------------+-------+-------++-------
Melee: Falchion          |    39 |   145 ||   184
 Cast: Pain              |       |     8 ||     8
  Use: Scroll            |     2 |       ||     2
       Potion            |       |     1 ||     1
 Stab: Sleeping          |     2 |     8 ||    10
Armor: Leather armour    |    22 |    21 ||    43
Dodge: Dodged            |    49 |    82 ||   131

Table legend: (Time is in decaauts)
 A = Elapsed time spent in this place.
 B = Non-inter-level travel time spent in this place.
 C = Inter-level travel time spent in this place.
 D = Time resting spent in this place.
 E = Time spent auto-exploring this place.
 F = Levels seen in this place.
 G = Mean time per level.
                   A        B        C        D        E       F      G
               +--------+--------+--------+--------+--------+-----+--------+
         Total |   4347 |   4166 |    181 |   1359 |   2026 |   5 |  869.4 |
       Dungeon |   4347 |   4166 |    181 |   1359 |   2026 |   5 |  869.4 |
               +--------+--------+--------+--------+--------+-----+--------+

Top non-repeatable levels by time:
     D:1: 1937 daAuts
     D:2: 1489 daAuts
     D:3: 458 daAuts
     D:5: 385 daAuts
     D:4: 76 daAuts
